 Dungeon Crawl Stone Soup version 0.16-a0-3308-g116f5c4 (webtiles) character file.

6829 Furman the Martial Artist (level 11, 0/60 HPs)
             Began as a Vine Stalker Monk on Dec 25, 2014.
             Was a Priest of Ru.
             Slain by Fannar
             ... wielding a +0 quarterstaff of freezing
              (3 damage)
             ... on level 10 of the Dungeon on Dec 26, 2014.
             The game lasted 00:48:24 (8193 turns).

Furman the Martial Artist (Vine Stalker Monk)       Turns: 8193, Time: 00:48:26

Health: 0/60       AC:  6    Str: 14    XL:     11   Next: 5%
Magic:  0/19       EV: 22    Int:  7    God:    Ru [***...]
Gold:   346        SH:  0    Dex: 21    Spells: 2 memorised, 10 levels left

rFire  + . .     SeeInvis .       - Unarmed
rCold  . . .     Clarity  .     E - +2 robe {MR+}
rNeg   . . .     SustAb   .     (no shield)
rPois  .         Gourm    +     (no helmet)
rElec  .         Spirit   +     (no cloak)
rCorr  .         Warding  .     s - +1 pair of gloves
rMut   .         Stasis   .     (no boots)
MR     ++...                    t - amulet of the gourmand
Stlth  ++++......               G - +3 ring of evasion
                                I - ring "Clonir" {rF+ Int-3 Dex+1}

@: exhausted, no potions, very slightly contaminated, drained, very resistant to
hostile enchantments, stealthy
A: fangs 3, regeneration 2, magic shield, antimagic bite, no device heal 3, rot
immunity, inability to drink while threatened, hated by all, no conjurations
magic, no earth magic, no hexes magic
a: Draw Out Power, Renounce Religion


You were on level 10 of the Dungeon.
You worshipped Ru.
Ru was most pleased with you.
You were full.

You visited 2 branches of the dungeon, and saw 11 of its levels.

You collected 466 gold pieces.
You spent 120 gold pieces at shops.

Inventory:

Hand weapons
 P - a +0 shortbow
 T - the +12 rapier of Renob {pierce, SInv, unknown}
   (You found it on level 10 of the Dungeon)

   It inflicts extra damage upon your enemies.
   It enhances your eyesight.
Missiles
 O - 2 stones (quivered)
 Q - 23 arrows
 S - 13 arrows of flame
 U - a curare-tipped needle
Armour
 s - a +1 pair of gloves (worn)
 E - a +2 robe of magic resistance (worn)
Magical staves
 p - an uncursed staff of power
Jewellery
 h - an uncursed ring of wizardry
 t - an amulet of the gourmand (around neck)
 y - an uncursed ring of see invisible
 F - an uncursed ring of poison resistance
 G - a +3 ring of evasion (right hand)
 I - the ring "Clonir" (left hand) {rF+ Int-3 Dex+1}
   (You found it on level 9 of the Dungeon)

   [ring of protection from fire]

   It affects your intelligence (-3).
   It affects your dexterity (+1).
   It protects you from fire.
 M - an uncursed ring of stealth
 R - an uncursed amulet of faith {unknown}
Magical devices
 d - a wand of flame (24)
 r - a wand of slowing (16)
 u - a wand of cold (2)
 x - a wand of lightning (1)
 D - a wand of fire (0)
 K - a wand of confusion (21)
Scrolls
 c - 2 scrolls of teleportation
 f - 4 scrolls of remove curse
 l - a scroll of random uselessness
 o - 2 scrolls of recharging
 v - 3 scrolls of magic mapping
 B - 2 scrolls of identify
Potions
 a - a potion of invisibility
 e - a potion of curing
 i - a potion of cure mutation
 j - 4 potions of restore abilities
 k - 2 potions of resistance
 n - a potion of berserk rage
 q - 3 potions of brilliance
 z - 2 potions of magic
 A - a potion of lignification
 H - a potion of cancellation
Books
 w - a book of Power

   Spells                             Type                      Level
   a - Fulminant Prism                Conjuration/Hexes            4
   b - Iskenderun's Mystic Blast      Conjuration                  4
   c - Venom Bolt                     Conjuration/Poison           5
   d - Bolt of Magma                  Conjuration/Fire/Earth       5
   e - Iron Shot                      Conjuration/Earth            6
   f - Orb of Destruction             Conjuration                  7
   g - Spellforged Servitor           Conjuration/Summoning        7
 J - a book of Annihilations {highlevel, unknown}

   This book is beyond your current level of understanding.

   Spells                             Type                      Level
   a - Poison Arrow                   Conjuration/Poison           6
   b - Chain Lightning                Conjuration/Air              8
   c - Lehudib's Crystal Spear        Conjuration/Earth            8
   d - Glaciate                       Conjuration/Ice              9
   e - Fire Storm                     Conjuration/Fire             9
 N - a book of Battle

   Spells                             Type                      Level
   a - Infusion                       Charms                       1
   b - Shroud of Golubria             Charms/Translocation         2
   c - Song of Sleighing              Charms                       2
   d - Spectral Weapon                Hexes/Charms                 3
   e - Regeneration                   Charms/Necromancy            3
 V - a book of Cantrips

   Spells                             Type                      Level
   a - Corona                         Hexes                        1
   b - Animate Skeleton               Necromancy                   1
   c - Summon Small Mammal            Summoning                    1
   d - Apportation                    Translocation                1
Comestibles
 b - 13 bread rations
 g - 3 beef jerkies
 m - 3 meat rations
 C - 9 fruits
 L - a slice of pizza


   Skills:
 + Level 7.8(7.4) Fighting
 + Level 7.7(7.4) Dodging
 - Level 8.1(7.7) Stealth
 - Level 10.1(9.7) Unarmed Combat
 * Level 1.7(1.3) Spellcasting
 * Level 1.8(1.4) Charms
 * Level 1.5(1.1) Translocations
 - Level 1.0(0.6) Evocations


You had 10 spell levels left.
You knew the following spells:

 Your Spells              Type           Power        Failure   Level  Hunger
a - Infusion              Chrm           #.....       24%         1    ##.....
b - Shroud of Golubria    Chrm/Tloc      #.........   38%         2    ###....


Dungeon Overview and Level Annotations

Branches:
Dungeon (10/15)            Temple (1/1) D:6            Lair (0/8) D:10
    Orc (0/4) D:9

Altars:
Cheibriados
Dithmenos
Elyvilon
Fedhas
Kikubaaqudgha
Makhleb
Nemelex Xobeh
Okawaru
Qazlal
Ru
Sif Muna
Trog
Xom
Yredelemnul
Zin
The Shining One

Shops:
D:8 ?

Annotations:
D:6 Duvessa
D:7 Ijyb
D:10 Fannar, Sonja


Innate Abilities, Weirdness & Mutations

You have razor-sharp teeth.
You heal very quickly.
When hurt, damage is shared between your health and your magic reserves.
Your bite disrupts and absorbs the magic of your enemies.
Potions and wands cannot restore your health.
You are immune to rotting.
You cannot drink potions while threatened.
You are hated by all.
You cannot study or cast Conjurations magic.
You cannot study or cast Earth magic.
You cannot study or cast Hexes magic.


Message History

* * * LOW HITPOINT WARNING * * *
Fannar is frozen.
Fannar resists.
The ice beast misses you.
Evoke which item? (* to show all) (? for menu, Esc to quit)
Zapping:
D - a wand of fire {zapped: 6} (will waste charges)
Press: ? - help, Shift-Dir - straight line, f - Fannar
Aim: Fannar, wielding a quarterstaff of freezing, wearing a robe of cold resistance and wearing a ring of ice (heavily wounded, softly glowing, covered in an icy film, protected by a disc of dense vapour) Nothing appears to happen.
Fannar falters for a moment.
The ice beast barely misses you.
Evoke which item? (* to show all) (? for menu, Esc to quit)
Zapping:
d - a wand of flame (will waste charges)
Press: ? - help, Shift-Dir - straight line, f/p - Fannar
Aim: Fannar, wielding a quarterstaff of freezing, wearing a robe of cold resistance and wearing a ring of ice (heavily wounded, softly glowing, covered in an icy film, protected by a disc of dense vapour)
The puff of flame hits Fannar.
Fannar is burned terribly!
The heat melts Fannar's icy armour.
Fannar is severely wounded.
Evoking this partially-identified wand wasted a few charges.
Fannar hits you with a quarterstaff of freezing!
* * * LOW HITPOINT WARNING * * *
Fannar freezes you.
You die...

#..# #..# #..# #..# ####
########## #.........#
#.......@e# .
#..######Y#############.. #..#
#).............$. #..#
#................ #..#
#.........!.#+#.. #..#
#...........# #..# #...........#
#########..######..............
..................########......


You could see Fannar and an ice beast.

Vanquished Creatures
  Pikel (D:8)
  The ghost of Conn321 the Firebug, an experienced OpFE of Vehumet (D:5)
  A komodo dragon (D:10)
  Prince Ribbit (D:8)
  A wraith (D:10)
  A spriggan (D:7)
  2 hippogriffs
  Grum (D:8)
  3 yaks (D:9)
  4 wolves (D:8)
  Edmund (D:8)
  Menkaure (D:7)
  2 hungry ghosts (D:10)
  A slave (D:8)
  A black bear (D:6)
  3 orc warriors
  7 centaurs
  2 ogres
  5 ice beasts
  2 necrophages
  2 eyes of draining
  Blork the orc (D:7)
  A wyvern zombie (D:6)
  A big kobold (D:10)
  6 giant frogs
  A wyvern skeleton (D:7)
  A scorpion (D:4)
  3 wights (D:8)
  A jelly (D:10)
  3 crimson imps
  A giant frog zombie (D:10)
  2 goliath beetles
  Dowan (D:6)
  2 hounds
  2 centaur zombies
  4 orc priests
  A centaur skeleton (D:8)
  12 orc wizards
  3 worker ants
  A giant frog skeleton (D:9)
  Natasha (D:5)
  A hound zombie (D:8)
  A hound skeleton (D:5)
  A mummy (D:8)
  A worker ant zombie (D:6)
  15 adders
  3 shadow imps
  2 giant mites (D:3)
  2 adder skeletons
  3 giant geckos
  An ooze (D:2)
  34 orcs
  2 bat skeletons
  5 giant cockroaches
  14 hobgoblins
  3 quokkas
  A ball python (D:2)
  11 bats
  A giant gecko skeleton (D:4)
  7 giant newts
  A giant spore (D:10)
  10 goblins
  3 jackals (D:1)
  14 kobolds
  18 rats
  18 ballistomycetes
263 creatures vanquished.

Vanquished Creatures (others)
  A worker ant (D:9)
  An orc (D:10)
  A giant spore (D:8)
  A plant (D:10)
4 creatures vanquished.

Grand Total: 267 creatures vanquished

Notes
Turn   | Place    | Note
--------------------------------------------------------------
     0 | D:1      | Furman, the Vine Stalker Monk, began the quest for the Orb.
     0 | D:1      | Reached XP level 1. HP: 11/11 MP: 1/1
   277 | D:1      | Reached XP level 2. HP: 10/16 MP: 0/3
  1068 | D:2      | Reached XP level 3. HP: 10/19 MP: 2/4
  1256 | D:2      | Reached skill level 5 in Unarmed Combat
  1635 | D:2      | Reached XP level 4. HP: 20/23 MP: 5/5
  2522 | D:3      | Reached XP level 5. HP: 27/27 MP: 7/7
  2591 | D:3      | Reached skill level 6 in Unarmed Combat
  2648 | D:4      | Found a shimmering altar of Xom.
  2806 | D:4      | Noticed an ogre
  2830 | D:4      | Killed an ogre
  2830 | D:4      | Gained mutation: You heal very quickly. [vine stalker growth]
  2830 | D:4      | Reached XP level 6. HP: 32/32 MP: 8/8
  2960 | D:4      | Found a glowing golden altar of the Shining One.
  2960 | D:4      | Found a white marble altar of Elyvilon.
  2960 | D:4      | Found a glowing silver altar of Zin.
  3018 | D:4      | Reached skill level 7 in Unarmed Combat
  3130 | D:5      | Entered Level 5 of the Dungeon
  3323 | D:5      | Noticed Natasha
  3336 | D:5      | Killed Natasha
  3336 | D:5      | Reached skill level 8 in Unarmed Combat
  3336 | D:5      | Reached XP level 7. HP: 21/35 MP: 6/9
  3508 | D:5      | Noticed Conn321's ghost (experienced OpFE)
  3525 | D:5      | Killed Conn321's ghost
  3525 | D:5      | Reached skill level 9 in Unarmed Combat
  3525 | D:5      | Gained mutation: You have razor-sharp teeth. [vine stalker growth]
  3525 | D:5      | Reached XP level 8. HP: 37/39 MP: 11/11
  3653 | D:5      | Found a shadowy altar of Dithmenos.
  3879 | D:5      | Found a deep blue altar of Sif Muna.
  4059 | D:6      | Reached skill level 10 in Unarmed Combat
  4184 | D:6      | Found a staircase to the Ecumenical Temple.
  4211 | Temple   | Entered the Ecumenical Temple
  4248 | Temple   | Became a worshipper of Ru the Awakened
  4253 | Temple   | Gained mutation: You cannot drink potions while threatened. [Ru sacrifice]
  4253 | Temple   | Acquired Ru's first power
  4379 | D:6      | Noticed Dowan
  4425 | D:6      | Noticed Duvessa
  4518 | D:7      | Noticed Blork the orc
  4537 | D:7      | Killed Blork the orc
  4550 | D:7      | Reached XP level 9. HP: 45/45 MP: 12/12
  4590 | D:7      | Noticed Ijyb
  4592 | D:7      | Found a stormy altar of Qazlal.
  4593 | D:7      | Found a bloodstained altar of Trog.
  4657 | D:7      | Got a brightly glowing falchion
  4670 | D:7      | Reached skill level 5 in Stealth
  4706 | D:7      | Identified the cursed +2 falchion of the Hall of Blades {freeze, +Inv rN+} (You found it on level 7 of the Dungeon)
  4735 | D:6      | Killed Dowan
  5085 | D:7      | Noticed Menkaure
  5101 | D:7      | Killed Menkaure
  5105 | D:7      | Reached skill level 5 in Fighting
  5153 | D:7      | Found a blossoming altar of Fedhas.
  5154 | D:7      | Found an ancient bone altar of Kikubaaqudgha.
  5269 | D:7      | Reached skill level 5 in Dodging
  5465 | D:8      | Noticed Edmund
  5556 | D:8      | Killed Edmund
  5781 | D:8      | Found Sausm's Magic Scroll Shoppe.
  5812 | D:8      | Noticed Pikel
  5825 | D:8      | Killed Pikel
  5825 | D:8      | Reached XP level 10. HP: 20/53 MP: 6/13
  5919 | D:8      | Bought a scroll of identify for 30 gold pieces
  5920 | D:8      | Bought 3 scrolls of identify for 90 gold pieces
  6075 | D:8      | Gained mutation: You are hated by all. [Ru sacrifice]
  6075 | D:8      | Acquired Ru's second power
  6083 | D:8      | Noticed Grum
  6090 | D:8      | Killed Grum
  6118 | D:8      | Noticed Prince Ribbit
  6137 | D:8      | Killed Prince Ribbit
  6554 | D:9      | Found a staircase to the Orcish Mines.
  6829 | D:9      | Reached skill level 1 in Evocations
  7098 | D:9      | Got a faintly glowing wooden ring
  7104 | D:9      | Identified the ring "Clonir" {rF+ Int-3 Dex+1} (You found it on level 9 of the Dungeon)
  7363 | D:10     | Entered Level 10 of the Dungeon
  7363 | D:10     | Noticed Sonja
  7364 | D:10     | Upgraded the game from 0.16-a0-3300-g0332368 to 0.16-a0-3308-g116f5c4
  7509 | D:10     | Learned a level 1 spell: Infusion
  7512 | D:10     | Learned a level 2 spell: Shroud of Golubria
  7783 | D:10     | Got a twisted rapier
  7836 | D:10     | Found a staircase to the Lair.
  7854 | D:10     | Reached skill level 1 in Spellcasting
  7854 | D:10     | Reached skill level 1 in Charms
  7868 | D:10     | Reached skill level 1 in Translocations
  7885 | D:10     | Reached XP level 11. HP: 29/59 MP: 16/18
  8128 | D:10     | Noticed Fannar
  8163 | D:10     | Gained mutation: You cannot study or cast Earth magic. [Ru sacrifice]
  8163 | D:10     | Gained mutation: You cannot study or cast Hexes magic. [Ru sacrifice]
  8163 | D:10     | Gained mutation: You cannot study or cast Conjurations magic. [Ru sacrifice]
  8163 | D:10     | Acquired Ru's third power
  8193 | D:10     | HP: 3/60 [Fannar/quarterstaff of freezing (4)]
  8193 | D:10     | Slain by Fannar

Action                   |  1- 3 |  4- 6 |  7- 9 | 10-12 || total
-------------------------+-------+-------+-------+-------++-------
Melee: Unarmed           |   114 |   150 |   299 |   352 ||   915
 Fire: Shortbow          |       |       |       |     4 ||     4
Throw: Throwing net      |       |     1 |     1 |     1 ||     3
       Stone             |       |       |       |     1 ||     1
 Cast: Infusion          |       |       |       |     1 ||     1
Invok: Sacrifice Drink   |       |       |     1 |       ||     1
       Sacrifice Love    |       |       |       |     1 ||     1
       Draw Out Power    |       |       |       |     1 ||     1
       Sacrifice Arcana  |       |       |       |     1 ||     1
Evoke: Wand              |       |       |     3 |     5 ||     8
  Use: Scroll            |       |    16 |     6 |     8 ||    30
       Potion            |       |       |     1 |     1 ||     2
 Stab: Sleeping          |     8 |     6 |    10 |     6 ||    30
       Distracted        |       |       |       |     3 ||     3
       Confused          |       |       |       |     3 ||     3
  Eat: Chunk             |     2 |    12 |    17 |    11 ||    42
